 Dungeon Sprint DCSS version 0.24-a0-458-gfcb5e6da0e (webtiles) character file.

Game seed: 3265360156332463957

9900000 namelastname112 the Formicid Barricade (level 27, -1/247 (249) HPs)
             Began as a Formicid Fighter on June 26, 2019.
             Was the Champion of Makhleb.
             Killed by divine providence
             ... invoked by an accursed
              (8 damage)
             ... in the Dungeon (Sprint VIII: "Arena of Blood").
             The game lasted 00:02:50 (99 turns).

namelastname112 the Formicid Barricade (FoFi)         Turns: 99, Time: 00:02:50

HP:   -1/247 (249)  AC: 13    Str: 33    XL:     27
MP:   37/54         EV: 24    Int:  9    God:    Makhleb [******]
Gold: 0             SH: 19    Dex: 10    Spells: 80/80 levels left

rFire    . . .     SeeInvis +   l - +∞ Axe of Woe
rCold    . . .     Gourm    .   c - +0 shield
rNeg     . . .     Faith    .   b - +0 scale mail
rPois    .         Spirit   .   (helmet unavailable)
rElec    .         Reflect  .   (no cloak)
rCorr    .         Harm     .   (no gloves)
MR       ++...                  (no boots)
Stlth    ++++++++..             (no amulet)
HPRegen  0.51/turn              (no ring)
MPRegen  0.34/turn              (no ring)

@: no status effects
A: permanent stasis, dig shafts and tunnels, four strong arms, antennae 3
a: Dig, Minor Destruction, Lesser Servant of Makhleb, Major Destruction, Greater
Servant of Makhleb, Renounce Religion


You were in the Dungeon.
You worshipped Makhleb.
Makhleb was exalted by your worship.
You were not hungry.

You visited 1 branch

Inventory:

Hand Weapons
 a - a +0 war axe
 l - the +∞ Axe of Woe (weapon)
   (You found it in the Dungeon)
Armour
 b - a +0 scale mail (worn)
 c - a +0 shield (worn)
Scrolls
 k - a scroll of blinking
Potions
 d - a potion of might
 e - a potion of curing
 g - a potion of heal wounds
 h - a potion of haste
 i - 2 potions of magic
 j - a potion of berserk rage
Comestibles
 f - a ration


   Skills:
 O Level 27 Fighting
 O Level 27 Axes
 O Level 27 Throwing
 O Level 27 Armour
 O Level 27 Dodging
 O Level 27 Stealth
 O Level 27 Shields
 O Level 27 Unarmed Combat
 O Level 27 Spellcasting
 O Level 27 Invocations


You had 80 spell levels left.
You didn't know any spells.
Your spell library was empty.

Dungeon Overview and Level Annotations

Branches:
Dungeon (1/1)

Altars:
Makhleb


Innate Abilities, Weirdness & Mutations

You cannot be hasted, slowed, berserked, paralysed or teleported.
You can dig through walls and to a lower floor.
Your four strong arms can wield two-handed weapons with a shield.
You have a pair of large antennae on your head. (SInv)


Message History

You hear a bleat!!!
You hear a shout!!!
You take 85 damage, and have 11/247 hp!
MASSIVE DAMAGE!!!!!!
You cut the tentacled monstrosity but do no damage!
You hew the tentacled monstrosity savagely!
You annihilate the tentacled monstrosity!!!
You open the large abomination like a pillowcase!!!
You fatally mangle the large abomination!
You destroy the large abomination!!!
You hear a shout!!! x3
The bag of meat is engulfed in blazing flames!
You hear a shout!!! x3
The eight-headed meat hydra calls on the powers of darkness!!!
The eight-headed meat hydra convulses!!!
The bag of meat convulses!!! x2; Your body is wracked with pain!!! * * * don't die
* * * The meat berserker convulses!!!
The accursed is engulfed in blazing flames!
The accursed gestures at you while chanting!
Something smites you!!! rip .. ... { #oo. ..# #ooM{

..# O .###OoO
...###...
...{XX###........
o.{{L2)_)........
....{#OX.).#......
{... #X§§)_#......
.....#@o§§O#......
#......†)§Mo)......
.W.....W###Wo......
...###..))°○.###...
.. #.X)))).# .
#MX..°.o#
...L%...%...
......D..%.....
........%.%2..#


You could see 3 accurseds, 2 tentacled monstrosities, a meat beast, 2 tyrants,
an eight-headed meat hydra, a large bag of meat (inner flame), 4 large
abominations, 2 wretched souls, a dread, 3 meat berserkers and 8 bags of meat.

Vanquished Creatures
  8 hell beasts (D)
  3 greater mummies (D)
  3 wraiths (D)
  Harold (D)
  15 vampire knights (D)
  26 ogres (D)
  7 two-headed ogres (D)
  2 liches (D)
  3 hydras (D)
  54 orcs (D)
  5 skeletal warriors (D)
  3 large abominations (D)
  4 small abominations (D)
  8 crawling corpses (D)
142 creatures vanquished.

Vanquished Creatures (others)
  6 crawling corpses (D)
6 creatures vanquished.

Grand Total: 148 creatures vanquished

Notes
Turn   | Place    | Note
-------+----------+-------------------------------------------
     0 | D        | Found the +∞ Axe of Woe
     0 | D        | namelastname112 the Formicid Fighter began the quest for
                  | the Orb.
     0 | D        | Reached XP level 1. HP: 18/18 MP: 1/1
     4 | D        | Became a worshipper of Makhleb the Destroyer
     8 | D        | Noticed a meat berserker
    12 | D        | Noticed a bag of meat
    13 | D        | Killed a meat berserker
    13 | D        | Reached XP level 2. HP: 51/51 MP: 2/2
    13 | D        | Reached XP level 3. HP: 58/58 MP: 3/3
    13 | D        | Reached XP level 4. HP: 65/65 MP: 4/4
    13 | D        | Reached XP level 5. HP: 72/72 MP: 5/5
    13 | D        | Reached XP level 6. HP: 79/79 MP: 6/6
    13 | D        | Reached XP level 7. HP: 86/86 MP: 7/7
    13 | D        | Reached XP level 8. HP: 93/93 MP: 8/8
    13 | D        | Reached XP level 9. HP: 99/99 MP: 9/9
    13 | D        | Reached XP level 10. HP: 107/107 MP: 10/10
    13 | D        | Reached XP level 11. HP: 113/113 MP: 11/11
    13 | D        | Reached XP level 12. HP: 121/121 MP: 12/12
    13 | D        | Reached XP level 13. HP: 127/127 MP: 13/13
    14 | D        | Noticed a bag of meat
    14 | D        | Noticed a bag of meat
    15 | D        | Killed a bag of meat
    15 | D        | Reached * piety under Makhleb
    15 | D        | Reached XP level 14. HP: 139/139 MP: 14/14
    15 | D        | Noticed a bag of meat
    16 | D        | Noticed a bag of meat
    16 | D        | Noticed a meat berserker
    17 | D        | Noticed a meat berserker
    18 | D        | Killed a bag of meat
    18 | D        | Reached XP level 15. HP: 149/149 MP: 15/15
    18 | D        | Noticed a meat berserker
    20 | D        | Reached ** piety under Makhleb
    20 | D        | Reached skill level 15 in Axes
    20 | D        | Reached XP level 16. HP: 128/162 MP: 16/16
    20 | D        | Noticed a destroyer
    20 | D        | Noticed a meat berserker
    21 | D        | Killed a meat berserker
    21 | D        | Reached skill level 27 in Fighting
    21 | D        | Reached skill level 27 in Armour
    21 | D        | Reached skill level 27 in Shields
    21 | D        | Reached XP level 17. HP: 161/174 MP: 17/17
    21 | D        | Killed a meat berserker
    21 | D        | Reached *** piety under Makhleb
    21 | D        | Reached XP level 18. HP: 182/182 MP: 18/18
    22 | D        | Noticed a large bag of meat
    22 | D        | Noticed a large bag of meat
    23 | D        | Reached skill level 27 in Axes
    23 | D        | Noticed a meat berserker
    24 | D        | Noticed a meat berserker
    24 | D        | Killed a meat berserker
    24 | D        | Killed a meat berserker
    24 | D        | Reached XP level 19. HP: 189/189 MP: 18/35
    24 | D        | Noticed a meat berserker
    25 | D        | Killed a destroyer
    25 | D        | Reached **** piety under Makhleb
    25 | D        | Reached skill level 15 in Throwing
    25 | D        | Reached skill level 15 in Unarmed Combat
    25 | D        | Reached skill level 15 in Spellcasting
    25 | D        | Reached XP level 20. HP: 197/197 MP: 18/39
    25 | D        | Noticed a destroyer
    26 | D        | Noticed a destroyer
    26 | D        | Noticed The Servant
    26 | D        | Noticed a destroyer
    28 | D        | Killed a meat berserker
    28 | D        | Noticed a large bag of meat
    29 | D        | Killed a destroyer
    29 | D        | Reached XP level 21. HP: 204/204 MP: 19/44
    30 | D        | Reached ***** piety under Makhleb
    30 | D        | Killed a destroyer
    30 | D        | Reached XP level 22. HP: 212/212 MP: 19/47
    31 | D        | Killed a meat berserker
    31 | D        | Reached skill level 27 in Stealth
    32 | D        | Noticed a destroyer
    32 | D        | Noticed a meat berserker
    33 | D        | Killed a large bag of meat
    33 | D        | Reached skill level 27 in Invocations
    33 | D        | Killed a destroyer
    33 | D        | Reached XP level 23. HP: 170/219 MP: 19/52
    34 | D        | Killed a destroyer
    34 | D        | Reached skill level 27 in Throwing
    34 | D        | Reached skill level 27 in Unarmed Combat
    34 | D        | Killed a large bag of meat
    34 | D        | Reached skill level 27 in Dodging
    34 | D        | Reached skill level 27 in Spellcasting
    34 | D        | Reached XP level 24. HP: 92/227 MP: 20/54
    35 | D        | Noticed a destroyer
    36 | D        | Killed a large bag of meat
    36 | D        | Reached ****** piety under Makhleb
    36 | D        | Noticed a destroyer
    36 | D        | Noticed a destroyer
    37 | D        | Reached XP level 25. HP: 234/234 MP: 21/54
    38 | D        | Noticed a destroyer
    39 | D        | Noticed a destroyer
    42 | D        | Reached XP level 26. HP: 242/242 MP: 22/54
    42 | D        | Noticed a tyrant
    44 | D        | Reached XP level 27. HP: 249/249 MP: 22/54
    44 | D        | Noticed a destroyer
    47 | D        | Killed a destroyer
    47 | D        | Noticed a large bag of meat
    48 | D        | Killed a tyrant
    48 | D        | Noticed an accursed
    49 | D        | Killed a destroyer
    49 | D        | Killed a destroyer
    50 | D        | Noticed a destroyer
    51 | D        | Noticed an accursed
    51 | D        | Noticed a destroyer
    51 | D        | Noticed a large bag of meat
    52 | D        | Noticed a destroyer
    52 | D        | Noticed a tyrant
    53 | D        | Killed a destroyer
    54 | D        | Noticed a large bag of meat
    56 | D        | Killed The Servant
    57 | D        | Noticed a dread
    57 | D        | Killed a large bag of meat
    59 | D        | Killed a large bag of meat
    59 | D        | Noticed an accursed
    60 | D        | Killed a destroyer
    60 | D        | Killed a destroyer
    60 | D        | Killed a dread
    61 | D        | Killed an accursed
    61 | D        | Noticed a dread
    62 | D        | Noticed a meat beast
    63 | D        | Killed a tyrant
    63 | D        | Killed a destroyer
    63 | D        | Noticed a meat beast
    65 | D        | Killed a meat beast
    69 | D        | Killed a meat beast
    70 | D        | Killed an accursed
    70 | D        | Noticed an accursed
    72 | D        | Killed a large bag of meat
    72 | D        | Noticed a meat beast
    72 | D        | Noticed a dread
    73 | D        | Killed a destroyer
    74 | D        | Killed a dread
    75 | D        | Noticed a meat beast
    77 | D        | Killed a meat beast
    78 | D        | Killed a destroyer
    78 | D        | Noticed a meat beast
    79 | D        | Killed a meat beast
    81 | D        | Noticed a meat beast
    82 | D        | Noticed a meat beast
    83 | D        | Killed a meat beast
    84 | D        | Noticed a meat beast
    85 | D        | Noticed a large bag of meat
    86 | D        | Killed a dread
    86 | D        | Killed a meat beast
    86 | D        | Noticed an accursed
    87 | D        | Noticed a destroyer
    90 | D        | Killed a meat beast
    92 | D        | Killed a destroyer
    93 | D        | Killed a meat beast
    93 | D        | Killed a large bag of meat
    93 | D        | Noticed a tyrant
    94 | D        | Noticed an accursed
    95 | D        | Noticed a tyrant
    95 | D        | Noticed a meat beast
    96 | D        | Noticed a dread
    96 | D        | Noticed a large bag of meat
    98 | D        | Noticed a meat beast
    98 | D        | Killed an accursed
    98 | D        | HP: 11/247 [accursed/divine providence (15)]
    99 | D        | Killed from afar by an accursed

Levels and vault maps discovered:
D:        meatsprint

Skill      XL: |  1  2  3  4  5  6  7  8  9 10 11 12 13 14 15 16 17 18 19 20 21 22 23 |
---------------+----------------------------------------------------------------------+-----
Fighting       | 20 21 23 25 27 | 27.0
Axes           | 11 12 13 15 19 25 27 | 27.0
Armour         | 19 20 22 24 27 | 27.0
Shields        | 20 22 23 25 27 | 27.0
Throwing       | 12 15 19 21 25 27 | 27.0
Dodging        | 11 14 18 20 24 27 | 27.0
Stealth        | 16 19 23 26 27 | 27.0
Unarmed Combat | 12 15 19 21 25 27 | 27.0
Spellcasting   | 12 15 19 21 25 27 | 27.0
Invocations    | 14 17 21 24 27 | 27.0

Action                   |  1- 3 |  4- 6 |  7- 9 | 10-12 | 13-15 | 16-18 | 19-21 | 22-24 | 25-27 || total
-------------------------+-------+-------+-------+-------+-------+-------+-------+-------+-------++-------
Melee: Executioner's axe |     1 |       |       |       |     4 |     3 |     4 |     5 |    51 ||    68
Armor: Scale mail        |       |       |       |       |       |       |       |       |     1 ||     1
Dodge: Dodged            |       |       |       |       |       |       |       |       |     3 ||     3
Block: Shield            |       |       |       |       |       |       |       |     2 |     5 ||     7

Table legend:
 A = Non-vault XP
 B = Vault XP
 C = Vault XP percentage of total XP
 D = Non-vault monster count
 E = Vault monster count
 F = Vault count percentage of total count
                 A         B        C        D         E       F
            +---------+---------+-------+---------+---------+-------
      Total | 3418922 | 1301491 |  27.6 |      73 |      61 |  45.5
            +---------+---------+-------+---------+---------+-------
          D | 3418922 | 1301491 |  27.6 |      73 |      61 |  45.5
            +---------+---------+-------+---------+---------+-------
